 Dungeon Crawl Stone Soup version 0.19-a0-1041-g82b1012 (webtiles) character file.

7428 4thArraOfDagon the Severer (level 10, 0/77 HPs)
             Began as a Minotaur Berserker on July 30, 2016.
             Was an Elder of Trog.
             Killed by divine providence
             ... invoked by an orc high priest
              (12 damage)
             ... on level 1 of the Orcish Mines.
             The game lasted 00:12:53 (2443 turns).

4thArraOfDagon the Severer (Minotaur Berserker)     Turns: 2443, Time: 00:12:54

Health: 0/77       AC: 18    Str: 26    XL:     10   Next: 93%
Magic:  9/9        EV:  3    Int:  4    God:    Trog [****..]
Gold:   257        SH:  0    Dex:  9    Spells: 0 memorised, 9 levels left

rFire  . . .     SeeInvis .     w - +0 battleaxe
rCold  . . .     Gourm    .     G - +0 plate armour {MR+}
rNeg   + . .     Faith    .     (shield currently unavailable)
rPois  .         Spirit   .     (helmet restricted)
rElec  .         Dismiss  .     v - +2 cloak
rCorr  .         Reflect  .     (no gloves)
SustAt .         Harm     .     (no boots)
MR     +++..                    (no amulet)
Stlth  ..........               (no ring)
                                q - ring of positive energy

@: exhausted, regenerating, slowed, very slow, extremely resistant to hostile
enchantments, extremely unstealthy
A: retaliatory headbutt, horns 2
a: Berserk, Trog's Hand, Brothers in Arms, Burn Spellbooks, Renounce Religion


You were on level 1 of the Orcish Mines.
You worshipped Trog.
Trog was greatly pleased with you.
You were very hungry.

You visited 2 branches of the dungeon, and saw 12 of its levels.

You collected 319 gold pieces.
You spent 62 gold pieces at shops.

Inventory:

Hand Weapons
 a - a +0 hand axe
 s - a +0 war axe
 w - a +0 battleaxe (weapon)
 B - a +0 hand axe of freezing
Armour
 b - a +0 animal skin
 g - a +0 ring mail
 j - a +0 chain mail
 v - a +2 cloak (worn)
 D - a +1 chain mail of cold resistance
 G - a +0 plate armour of magic resistance (worn)
Jewellery
 q - a ring of positive energy (left hand)
Wands
 l - a wand of flame (13/48)
Scrolls
 i - a scroll of enchant weapon {unknown}
 m - 4 scrolls of identify {unknown}
 n - 2 scrolls of remove curse {unknown}
 p - a scroll of immolation {unknown}
 r - a scroll of blinking {unknown}
 u - 2 scrolls of noise {unknown}
 y - 3 scrolls of enchant armour {unknown}
 A - 2 scrolls of teleportation {unknown}
 C - a scroll of amnesia {unknown}
 H - a scroll of recharging {unknown}
Potions
 d - 2 potions of degeneration {unknown}
 e - a potion of cancellation {unknown}
 f - 2 potions of heal wounds
 h - a potion of beneficial mutation {unknown}
 t - 2 potions of mutation {unknown}
 x - a potion of flight {unknown}
 z - a potion of lignification
 F - a potion of curing {unknown}
Comestibles
 c - 3 bread rations
 k - a meat ration
 o - 7 chunks of flesh
 E - 3 fruits


   Skills:
 - Level 3.6 Fighting
 * Level 15.8 Axes
 + Level 11.6 Armour
 - Level 2.1 Dodging


You had 9 spell levels left.
You didn't know any spells.

Dungeon Overview and Level Annotations

Branches:
Dungeon (10/15)               Orc (2/2) D:9
 Temple: D:4-7         Lair: D:8-11         Elf: Orc:2

Altars:
Gozag
Makhleb
Okawaru
Sif Muna
Beogh

Shops:
Orc:2 %*


Innate Abilities, Weirdness & Mutations

You reflexively headbutt those who attack you in melee.
You have a pair of horns on your head.


Message History

The ogre shouts!
An orc comes into view.
Your skin crawls.
You feel resistant to hostile enchantments.
You are feeling very hungry.
The orc shouts!
The orc throws a tomahawk.
The tomahawk hits you but does no damage.
An orc warrior and an orc high priest come into view.
The orc high priest shouts!
Unknown command.
Unknown command.
There is a stone staircase leading down here.
Unknown command.
Unknown command.
The ogre hits you with a giant spiked club!
* * * LOW HITPOINT WARNING * * *
The orc high priest invokes the aid of Beogh against you.
Beogh smites you!
You die...

.. ##...# ...
##....# ...###
##....#
.....##....##
#..........##
#.........#
.#.##.........##
......$o..(....#
.......o...O@..#
o.........)#...#
.....o.o[.)....#
...#.##.^))....#
## ## ##.....$##
#.......#
.......##
........#
#........#


You could see an orc high priest, an orc warrior, an ogre and 2 orcs.

Vanquished Creatures
  A death knight (D:8)
  2 orc knights (Orc:2)
  An orc sorcerer (Orc:1)
  A cyclops (D:8)
  2 trolls
  3 two-headed ogres
  A vampire mosquito (D:8)
  2 wargs (Orc:2)
  A water moccasin (D:8)
  15 orc warriors
  A black bear (D:8)
  A sky beast (D:8)
  A necrophage (D:8)
  7 ogres
  A giant frog (D:8)
  A gnoll sergeant (D:9)
  2 scorpions (D:9)
  3 wights (D:8)
  5 howler monkeys
  A centaur zombie (D:9)
  2 hounds
  A centaur skeleton (D:9)
  8 orc priests
  7 orc wizards
  An iguana (D:6)
  5 worker ants
  A hound zombie (D:8)
  5 gnolls (D:9)
  2 adders
  An ooze (D:1)
  A worm (D:4)
  3 giant geckos
  57 orcs
  2 giant cockroaches
  6 goblins
  5 hobgoblins
  16 jackals
  2 kobolds
  A quokka (D:8)
  3 giant newts
  A rat (D:1)
182 creatures vanquished.

Notes
Turn   | Place    | Note
-------+----------+-------------------------------------------
     0 | D:1      | 4thArraOfDagon the Minotaur Berserker began the quest for the Orb.
     0 | D:1      | Reached XP level 1. HP: 19/19 MP: 0/0
   248 | D:1      | Reached skill level 4 in Axes
   248 | D:1      | Reached XP level 2. HP: 23/26 MP: 1/1
   329 | D:2      | Reached XP level 3. HP: 29/31 MP: 2/2
   466 | D:4      | Reached ** piety under Trog
   467 | D:4      | Reached skill level 5 in Axes
   472 | D:4      | Reached XP level 4. HP: 39/39 MP: 3/3
   551 | D:4      | Found an opulent altar of Gozag.
   712 | D:5      | Entered Level 5 of the Dungeon
   735 | D:5      | Reached skill level 6 in Axes
   735 | D:5      | Reached XP level 5. HP: 45/45 MP: 4/4
   829 | D:6      | Noticed a phantom
   967 | D:7      | Found an iron altar of Okawaru.
  1028 | D:8      | Noticed a two-headed ogre
  1029 | D:8      | Found a large runed door.
  1032 | D:8      | Noticed a vampire mosquito
  1039 | D:8      | Noticed a water moccasin
  1043 | D:8      | Killed a two-headed ogre
  1043 | D:8      | Reached skill level 7 in Axes
  1043 | D:8      | Reached skill level 5 in Armour
  1043 | D:8      | Reached XP level 6. HP: 51/51 MP: 5/5
  1044 | D:8      | Reached skill level 8 in Axes
  1044 | D:8      | Reached XP level 7. HP: 57/57 MP: 6/6
  1045 | D:8      | Killed a vampire mosquito
  1050 | D:8      | Reached skill level 9 in Axes
  1076 | D:8      | Reached XP level 8. HP: 43/64 MP: 7/7
  1115 | D:8      | Found a large runed door.
  1190 | D:8      | Reached skill level 10 in Axes
  1291 | D:8      | Noticed a death knight
  1294 | D:8      | Noticed a cyclops
  1303 | D:8      | Killed a death knight
  1303 | D:8      | Reached skill level 11 in Axes
  1303 | D:8      | Reached XP level 9. HP: 27/70 MP: 8/8
  1303 | D:8      | Killed a cyclops
  1303 | D:8      | Reached skill level 12 in Axes
  1339 | D:8      | Found a burning altar of Makhleb.
  1342 | D:8      | Found a deep blue altar of Sif Muna.
  1525 | D:9      | Noticed a troll
  1559 | D:9      | Killed a troll
  1608 | D:9      | Reached skill level 13 in Axes
  1721 | D:10     | Entered Level 10 of the Dungeon
  1746 | D:9      | Reached *** piety under Trog
  1866 | D:9      | Found a staircase to the Orcish Mines.
  1879 | Orc:1    | Entered Level 1 of the Orcish Mines
  1879 | Orc:1    | Noticed an orc sorcerer
  1883 | Orc:1    | Killed an orc sorcerer
  1883 | Orc:1    | Reached skill level 10 in Armour
  1889 | Orc:1    | Reached skill level 14 in Axes
  1889 | Orc:1    | Reached XP level 10. HP: 75/77 MP: 9/9
  1959 | Orc:2    | Entered Level 2 of the Orcish Mines
  1970 | Orc:2    | Reached **** piety under Trog
  2269 | Orc:2    | Reached skill level 15 in Axes
  2303 | Orc:2    | Noticed an orc knight
  2314 | Orc:2    | Killed an orc knight
  2321 | Orc:2    | Found Yghaumeem's Food Emporium.
  2349 | Orc:2    | Found Vyabeij's Assorted Antiques.
  2349 | Orc:2    | Noticed an orc knight
  2356 | Orc:2    | Killed an orc knight
  2373 | Orc:2    | Bought a scroll labeled OXTINT SEUTO for 31 gold pieces
  2373 | Orc:2    | Bought a scroll labeled UXKUDA QICAPRA for 31 gold pieces
  2384 | Orc:2    | Found a roughly hewn altar of Beogh.
  2441 | Orc:1    | Noticed an orc high priest
  2443 | Orc:1    | Killed from afar by an orc high priest

Vault maps used:
D:1:      onia_arrival_mini_spirals
D:3:      st_stairs_11
D:4:      nicolae_gozag_cash_rules_everything_around_me, uniq_duvessa
D:5:      black_bear_nest_1, serial_shops, shop, first_bread, st_stairs_2,
          uniq_menkaure
D:6:      serial_shops, shop, basic_altar
D:7:      basic_altar, serial_shops, nicolae_shop_stone
D:8:      serial_shops, nicolae_shop_behind_doors, jmf_multi_god_temple2
D:9:      hiddenorc1_lemuel
D:10:     serial_shops, nicolae_shop_trees, shop, shop
Orc:1:    mines2_lemuel
Orc:2:    pubby_orc_utopia

Skill      XL: |  1  2  3  4  5  6  7  8  9 10 |
---------------+-------------------------------+-----
Axes           | 4 5 6 7 8 9 11 14 15 | 15.8
Armour         | 3 4 5 6 8 10 11 | 11.6
Fighting       | |  3.6
Dodging        | |  2.1

Action                   |  1- 3 |  4- 6 |  7- 9 | 10-12 || total
-------------------------+-------+-------+-------+-------++-------
Melee: Hand axe          |    49 |    30 |       |       ||    79
       Headbutt          |     7 |     5 |    30 |    24 ||    66
       War axe           |       |    21 |    24 |       ||    45
       Battleaxe         |       |       |   127 |   111 ||   238
Invok: Berserk           |     2 |     4 |     6 |     9 ||    21
       Trog's Hand       |       |     2 |     8 |     5 ||    15
       Burn Spellbooks   |       |       |     1 |       ||     1
Evoke: Wand              |       |       |     1 |       ||     1
  Use: Potion            |       |       |     2 |       ||     2
  Eat: Chunk             |       |     1 |    13 |    13 ||    27
       Meat ration       |       |     1 |       |       ||     1
Armor: Chain mail        |    40 |    66 |   140 |       ||   246
       Ring mail         |     4 |       |       |       ||     4
       Skin              |       |       |    35 |       ||    35
       Plate armour      |       |       |     9 |    55 ||    64
Dodge: Dodged            |    24 |    37 |    96 |    45 ||   202
